Workbook
Name \0: #REF!
Name \0: #REF!
Name \0: #REF!
Name \00: #REF!
Name \00: #REF!
Name \00: #REF!
Name \a: #REF!
Name \a: #REF!
Name \a: #REF!
Name \AA: [1]LIQUIDACION!#REF!
Name \AA: [1]LIQUIDACION!#REF!
Name \AA: [1]LIQUIDACION!#REF!
Name \b: [2]STRSUMM0!#REF!
Name \b: [2]STRSUMM0!#REF!
Name \b: [2]STRSUMM0!#REF!
Name \bb: [2]STRSUMM0!#REF!
Name \bb: [2]STRSUMM0!#REF!
Name \bb: [2]STRSUMM0!#REF!
Name \E: #REF!
Name \E: #REF!
Name \E: #REF!
Name \EE: #REF!
Name \EE: #REF!
Name \EE: #REF!
Name \G: #REF!
Name \G: #REF!
Name \G: #REF!
Name \k: '[3]7422CW00'!#REF!
Name \k: '[3]7422CW00'!#REF!
Name \k: '[3]7422CW00'!#REF!
Name \l: [4]STRSUMM0!#REF!
Name \l: [4]STRSUMM0!#REF!
Name \l: [4]STRSUMM0!#REF!
Name \M: #REF!
Name \M: #REF!
Name \M: #REF!
Name \ñ: '[5]7422CW00'!#REF!
Name \ñ: '[5]7422CW00'!#REF!
Name \ñ: '[5]7422CW00'!#REF!
Name \P: #REF!
Name \P: #REF!
Name \P: #REF!
Name \R: #REF!
Name \R: #REF!
Name \R: #REF!
Name \s: #REF!
Name \s: #REF!
Name \s: #REF!
Name \V: #REF!
Name \V: #REF!
Name \V: #REF!
Name \X: [0]!ERR
Name \Z: [0]!ERR
Name _________AFC1: [6]INV!$A$25:$D$28
Name _________AFC3: [6]INV!$F$25:$I$28
Name _________AFC5: [6]INV!$K$25:$N$28
Name _________BGC1: [6]INV!$A$5:$D$8
Name _________BGC3: [6]INV!$F$5:$I$8
Name _________BGC5: [6]INV!$K$5:$N$8
Name _________CAC1: [6]INV!$A$19:$D$22

Sheet PRESUPUESTO OFICIAL
C3: Formulario 1 - Propuesta económica - Documento tipo de selección abreviada de menor cuantía - versión 2
C4: Código | D4: CCE-EICP-FM-25 | E4: Versión | F4: 2
C5: FORMULARIO 1
C6: PRESUPUESTO OFICIAL
C7: [La entidad puede utilizar este formulario de detalle del presupuesto oficial para determinar las condiciones bajo las cuales los proponentes analizarán y presentarán su propuesta económica de forma detallada, sin perjuicio que la entidad pueda modificarlo o establecer la presentación de la oferta económica con un formulario distinto al indicado.]
C9: Adicionalmente, cuando el proceso de contratación es estructurado por precios unitarios, la Entidad debe aplicar las notas 1, 2 y 3 del presente formulario y las casillas de "Descripción", "Porcentaje" de la Administración, Imprevisto, Utilidad y total A.I.U. resaltadas en colo amarillo. Tratándose de otras modalidades de precio, la Entidad puede o no configurar los mismos aspectos.
C10: “MANTENIMIENTO Y REHABILITACIÓN DE VÍAS URBANAS, MEDIANTE LA REPARACIÓN Y CONSTRUCCIÓN DE PAVIMENTOS Y PEATONALES EN LA COMUNA 1 – ATARDECERES EN LA CIUDAD DE MANIZALES”
C11: No | D11: ITEM DE PAGO | E11: ESPECIFICACIONES | G11: DESCRIPCION | H11: UND. | I11: CANTIDAD | J11: VALOR UNITARIO | K11: VALOR TOTAL
E12: GENERAL | F12: PARTICULAR
G13: PRELIMINARES
C14: 1 | D14: 001.044 | G14: Descapote manual (e=0,2m) | H14: m2 | I14: 100 | J14: =+APU!J6 -> 2946 | K14: =ROUND(J14*I14,0) -> 294600
C15: 2 | D15: 029.014 | G15: Demolición de pavimento concreto hidráulico con equipo mecanico | H15: m3 | I15: 170 | J15: =+APU!J12 -> 144160 | K15: =ROUND(J15*I15,0) -> 24507200
C16: 3 | D16: 029.015 | G16: Demolición de pavimento concreto hidráulico manual | H16: m3 | I16: 20 | J16: =+APU!J19 -> 228106 | K16: =ROUND(J16*I16,0) -> 4562120
C17: 4 | D17: 029.013 | G17: Demolición pavimento asfáltico compresor | H17: m3 | I17: 130 | J17: =+APU!J25 -> 115527 | K17: =ROUND(J17*I17,0) -> 15018510
C18: 5 | D18: 002.016 | G18: Excavación a cielo abierto material común 0 - 2 M | H18: m3 | I18: 60 | J18: =+APU!J32 -> 33754 | K18: =ROUND(J18*I18,0) -> 2025240
C19: 6 | D19: 002.017 | G19: Excavación a cielo abierto conglomerado 0 - 2 M | H19: m3 | I19: 40 | J19: =+APU!J37 -> 49092 | K19: =ROUND(J19*I19,0) -> 1963680
C20: 7 | D20: 1060 | G20: Suministro, transporte e instalación techado movible en guadua y plástico | H20: m2 | I20: 120 | J20: =+APU!J42 -> 8206 | K20: =ROUND(J20*I20,0) -> 984720
C21: Subtotal | K21: =SUM(K14:K20) -> 49356070
G22: BASES
C23: 8 | D23: 023.008 | G23: Suministro, Transporte e instalación Afirmado compactado andenes. | H23: m3 | I23: 30 | J23: =+APU!J50 -> 149319 | K23: =ROUND(J23*I23,0) -> 4479570
C24: 9 | D24: 23012-1 | G24: Suministro, transporte e instalacion sub base compactada con cilindro | H24: m3 | I24: 170 | J24: =+APU!J57 -> 208324 | K24: =ROUND(J24*I24,0) -> 35415080
C25: Subtotal | K25: =SUM(K23:K24) -> 39894650
G26: CAPA RODADURA
C27: 10 | D27: 023.028 | G27: Suministro, Transporte e Instalación pavimento en concreto MR 42 Espesor entre 15 y 20 cm, hecho en obra con material triturado. Incluye texturizado. | H27: m3 | I27: 90 | J27: =+APU!J65 -> 941573 | K27: =ROUND(J27*I27,0) -> 84741570
C28: 11 | D28: 023.028 | G28: Suministro, transporte e instalación pavimento en concreto premezclado MR 42(Rutas de alto tráfico) | H28: m3 | I28: 90 | J28: =+APU!J78 -> 1048067 | K28: =ROUND(J28*I28,0) -> 94326030
C29: 12 | D29: 23,002 | G29: Suministro, transporte e instalación imprimación con emulsión asfáltica según norma INVIAS. | H29: m2 | I29: 1200 | J29: =+APU!J91 -> 4549 | K29: =ROUND(J29*I29,0) -> 5458800
C30: 13 | D30: 23.004 | G30: Suministro, transporte e instalación mezcla asfáltica tipo MDC-19 según norma invias. para parcheo mantenimiento de áreas menores A 1.100 m2 | H30: m3 | I30: 100 | J30: =+APU!J100 -> 1150115 | K30: =ROUND(J30*I30,0) -> 115011500
C31: 14 | D31: 023.031 | G31: Suministro, Transporte e Instalación Mezcla asfáltica Tipo MDC-19 para Parcheo Mantenimiento. | H31: m3 | I31: 20 | J31: =+APU!J111 -> 1291477 | K31: =ROUND(J31*I31,0) -> 25829540
C32: Subtotal | K32: =SUM(K27:K31) -> 325367440
G33: ANDENES Y SARDINELES
C34: 15 | D34: 021.052 | G34: Suministro, Transporte e Instalación andén en concreto 3000PSI e=0,10 m | H34: m2 | I34: 320 | J34: =+APU!J120 -> 98852 | K34: =ROUND(J34*I34,0) -> 31632640
C35: 16 | D35: 021.016 | G35: Suministro, Transporte e Instalación sardinel ancho=20cm H=entre 17 y 24cm en concreto 3000PSI | H35: ml | I35: 150 | J35: =+APU!J130 -> 64702 | K35: =ROUND(J35*I35,0) -> 9705300
C36: 17 | D36: 21034 | G36: Suministro, transporte e instalación escalas concreto 3000 psi e= 0.10m. sobre tierra acabado escobiado | H36: m2 | I36: 300 | J36: =+APU!J139 -> 165518 | K36: =ROUND(J36*I36,0) -> 49655400
C37: Subtotal | K37: =SUM(K34:K36) -> 90993340
G38: CORTES Y SELLOS
C39: 18 | D39: 023.034 | G39: Corte mecanizado de pavimento con disco 5mm | H39: ml | I39: 500 | J39: =+APU!J151 -> 10224 | K39: =ROUND(J39*I39,0) -> 5112000
C40: 19 | D40: 032.015 | G40: Corte mecanizado anden con disco 3.5mm | H40: ml | I40: 250 | J40: =+APU!J157 -> 8297 | K40: =ROUND(J40*I40,0) -> 2074250
C41: 20 | D41: 023.036 | G41: Suministro, Transporte e Instalación Sello de junta pavimento rígido 5 mm. | H41: ml | I41: 500 | J41: =+APU!J163 -> 9409 | K41: =ROUND(J41*I41,0) -> 4704500
C42: Subtotal | K42: =SUM(K39:K41) -> 11890750
G43: ACERO
C44: 21 | D44: 023.045 | G44: Canastilla soporte de dovelas. Hierro 3/8 y 1/4" | H44: ml | I44: 160 | J44: =+APU!J170 -> 17355 | K44: =ROUND(J44*I44,0) -> 2776800
C45: 22 | D45: 23046 | G45: Dovelas de acero liso 60000 PSI para pavimentos | H45: kg | I45: 540 | J45: =+APU!J175 -> 15804 | K45: =ROUND(J45*I45,0) -> 8534160
C46: 23 | D46: 023.045-1 | G46: Acero 60.000 PSI (Incluye alambre negro y figuración) | H46: kg | I46: 2507 | J46: =+APU!J181 -> 8734 | K46: =ROUND(J46*I46,0) -> 21896138
C47: Subtotal | K47: =SUM(K44:K46) -> 33207098
G48: VARIOS
C49: 24 | D49: 024.118 | G49: Suministro, transporte e instalación sumidero doble reja tipo sifón en concreto clase II-tapa anti ruido | H49: un | I49: 3 | J49: =+APU!J188 -> 817831 | K49: =ROUND(J49*I49,0) -> 2453493
C50: 25 | D50: 023.040 | G50: Suministro, transporte e instalación de aditivo para acelerar fraguado a siete (7) días (acelerante) de un m3 de concreto pavimento MR 42 | H50: m3 | I50: 80 | J50: =+APU!J198 -> 121127 | K50: =ROUND(J50*I50,0) -> 9690160
C51: 26 | D51: 017.089 | G51: Suministro, Transporte e Instalación baranda en tuberia galvanizada 2 hilos de 2", entre 0,9 y 1,0m, parales verticales cada 2,0m, rellena en concreto, incluye wash primer, pintura, anclajes y retiro de sobrantes. | H51: ml | I51: 200 | J51: =+APU!J205 -> 158606 | K51: =ROUND(J51*I51,0) -> 31721200
C52: 27 | D52: 2055 | G52: Retiro de material sobrante en volqueta, cargue mecanico | H52: m3 | I52: 450 | J52: =+APU!J220 -> 36365 | K52: =ROUND(J52*I52,0) -> 16364250
C53: 28 | D53: 001.084 | G53: Transporte por día laborado vehículo tipo camioneta de estacas o similar. | H53: Dia | I53: 45 | J53: =+APU!J226 -> 230501 | K53: =ROUND(J53*I53,0) -> 10372545
C54: 29 | D54: 030,002 | G54: Jornal Ayudante | H54: Dia | I54: 80 | J54: =+APU!J246 -> 77293 | K54: =ROUND(J54*I54,0) -> 6183440
C55: 30 | D55: 030,002 | G55: Jornal Controlador de Tránsito | H55: Dia | I55: 120 | J55: =+APU!J250 -> 86688 | K55: =ROUND(J55*I55,0) -> 10402560
C56: 31 | D56: 023.048 | G56: Suministro, transporte e instalación demarcación pasos peatonales, líneas de pare, símbolos, textos y otras, con pintura plástico en frio. | H56: m2 | I56: 100 | J56: =+APU!J253 -> 62083 | K56: =ROUND(J56*I56,0) -> 6208300
C57: 32 | D57: 023.049 | G57: Suministro, transporte e instalación demarcación líneas centrales, de borde, de carril y otras (ancho 12cms), con pintura plástico en frio. | H57: ml | I57: 200 | J57: =+APU!J256 -> 6887 | K57: =ROUND(J57*I57,0) -> 1377400
C58: 33 | D58: PB-0000003 | G58: Protocolo de bioseguridad, circular 0000003 del 8 de abril de 2020 | H58: GL | I58: 1 | J58: =+'PROTOCOLO DE BIOSEGURIDAD'!M17 -> 4517304 | K58: =ROUND(J58*I58,0) -> 4517304
C59: Subtotal | K59: =SUM(K49:K58) -> 99290652
C60: SUBTOTAL OBRAS | K60: =K21+K25+K32+K37+K42+K47+K59 -> 650000000
P61: 650000000
P62: =+K60-P61 -> 0
G63: SUBTOTAL OBRAS (INCLUYE AIU) | K63: =K60 -> 650000000
G64: VALOR TOTAL | K64: =K63 -> 650000000 | P64: =+K63/(1+0.3656) -> 4.7598125e+08
Q65: =+P64-P67 -> -0.3386057
C66: NOTA 1: Se debe tener en cuenta que el PRECIO UNITARIO incluye el valor de A.I.U. | H66: DESCRIPCION | K66: PORCENTAJE
C67: NOTA 2: Cuando la fracción decimal del peso sea igual o superior a 5 se aproximará por exceso al número entero siguiente del peso y cuando la fracción decimal del peso sea inferior a 5 se aproximará por defecto al número entero del peso. | H67: ADMINISTRACION | J67: A= | K67: =+AIU!J49 -> 0.3056 | P67: 475981254
C68: NOTA 3: El A.I.U y su discriminación deben estar en porcentaje (%). | H68: IMPREVISTO | J68: I= | K68: 0
C69: NOTA 4: Siguiendo las recomendaciones de la Guía de Colombia Compra Eficiente, presentar la oferta | H69: UTILIDAD | J69: U= | K69: 0.06
C70: NOTA 5: Revisar el Formulario 1 de Presupuesto con sus decimales y tenerlos en cuenta para la presentación de la propuesta económica. | H70: TOTAL A.I.U | J70: A.I.U.= | K70: =SUM(K67:K69) -> 0.3656
C71: NOTA 6: El item PB-000003 Protocolo de bioseguridad, circular 0000003 del 8 de abril de 2020, solo puede ser cobrado en el valor efectivamente utilizado, por lo cual solo serà pagado el valor soportado mediante facturas correspondientes a la compra de los elementos incluidos en el APU de este item.

Sheet PROPUESTA ECONOMICA
B3: Formulario 1 - Propuesta económica - Documento tipo de selección abreviada de menor cuantía - versión 2
B4: Código | C4: CCE-EICP-FM-25 | D4: Versión | E4: 2
B6: FORMULARIO 1
B7: PRESUPUESTO OFICIAL
B8: [La entidad puede utilizar este formulario de presentación de propuesta económica de forma detallada, sin perjuicio que la entidad pueda modificarlo o establecer la presentación de la oferta económica con un formulario distinto al indicado.] [Los proponentes emplearán el formulario establecido por la entidad para determinar su propuesta económica conforme al Formulario 1 - Presupuesto Oficial publicado por la Entidad]
B10: Cuando el proceso de contratación es estructurado por precios unitarios, la Entidad debe aplicar las notas 1, 2 y 3 del presente formato y las casillas de "Descripción", "Porcentaje" de la Administración, Imprevisto, Utilidad y total A.I.U. resaltadas en color amarillo.
B11: =+'PRESUPUESTO OFICIAL'!C10 -> “MANTENIMIENTO Y REHABILITACIÓN DE VÍAS URBANAS, MEDIANTE LA REPARACIÓN Y CONSTRUCCIÓN DE PAVIMENTOS Y PEATONALES EN LA COMUNA 1 – ATARDECERES EN LA CIUDAD DE MANIZALES”
C12: ITEM DE PAGO | D12: ESPECIFICACIONES | F12: DESCRIPCION | G12: UND. | H12: CANTIDAD | I12: VALOR UNITARIO | J12: VALOR TOTAL
D13: GENERAL | E13: PARTICULAR
F14: PRELIMINARES
B22: Subtotal | J22: =SUM(J15:J21) -> 0
F23: BASES | I23: 0
B27: Subtotal | I27: 0 | J27: =SUM(J24:J26) -> 0
F28: CAPA RODADURA | I28: 0
B31: Subtotal | I31: 0 | J31: =SUM(J29:J30) -> 0
F32: ANDENES Y SARDINELES | I32: 0
B35: Subtotal | I35: 0 | J35: =SUM(J33:J34) -> 0
F36: CORTES Y SELLOS | I36: 0
B40: Subtotal | I40: 0 | J40: =SUM(J37:J39) -> 0
F41: ACERO | I41: 0
B44: Subtotal | I44: 0 | J44: =SUM(J42:J43) -> 0
F45: Obras de contención | I45: 0
B48: Subtotal | I48: 0 | J48: =SUM(J46:J47) -> 0
F49: VARIOS | I49: 0
B61: Subtotal | J61: =SUM(J50:J60) -> 0
B62: SUBTOTAL OBRAS | J62: =J22+J27+J31+J35+J40+J44+J48+J61 -> 0
F65: SUBTOTAL OBRAS (INCLUYE AIU) | J65: =J62 -> 0
F66: VALOR TOTAL | J66: =J65 -> 0
B68: NOTA 1: Se debe tener en cuenta que el PRECIO UNITARIO incluye el valor de A.I.U. | G68: DESCRIPCION | J68: PORCENTAJE
B69: NOTA 2: Cuando la fracción decimal del peso sea igual o superior a 5 se aproximará por exceso al número entero siguiente del peso y cuando la fracción decimal del peso sea inferior a 5 se aproximará por defecto al número entero del peso. | G69: ADMINISTRACION | I69: A= | J69: [Ofrecimiento del Proponente]
B70: NOTA 3: El A.I.U y su discriminación deben estar en porcentaje (%). | G70: IMPREVISTO | I70: I= | J70: [Ofrecimiento del Proponente]
B71: NOTA 4: Siguiendo las recomendaciones de la Guía de Colombia Compra Eficiente, presentar la oferta | G71: UTILIDAD | I71: U= | J71: [Ofrecimiento del Proponente]
B72: NOTA 5: Revisar el Formulario 1 de Presupuesto con sus decimales y tenerlos en cuenta para la presentación de la propuesta económica. | G72: TOTAL A.I.U | I72: A.I.U.= | J72: [Ofrecimiento del Proponente]
B73: NOTA 6: El item PB-000003 Protocolo de bioseguridad, circular 0000003 del 8 de abril de 2020, solo puede ser cobrado en el valor efectivamente utilizado, por lo cual solo serà pagado el valor soportado mediante facturas correspondientes a la compra de los elementos incluidos en el APU de este item.
F75: Firma del Proponente o de su Representante Legal

Sheet APU
A1: =+'PRESUPUESTO OFICIAL'!C10 -> “MANTENIMIENTO Y REHABILITACIÓN DE VÍAS URBANAS, MEDIANTE LA REPARACIÓN Y CONSTRUCCIÓN DE PAVIMENTOS Y PEATONALES EN LA COMUNA 1 – ATARDECERES EN LA CIUDAD DE MANIZALES”
A3: PRELIMINARES
A5: CODIGO | B5: COD INSUMO | C5: INSUMO | D5: TIPO | E5: UNIDAD | F5: REND | G5: VALOR UNITARIO | H5: VALOR TOTAL | I5: AIU | J5: VALOR TOTAL INCLUIDO AIU
A6: 001.044 | B6: - | C6: DESCAPOTE MANUAL e=0.20 m. | D6: Actividad | E6: M2 | H6: =SUM(H7:H10) -> 2157 | I6: =+(1+AIU!J52) -> 1.3656 | J6: =ROUND(H6*I6,0) -> 2946
A7: 001.044 | B7: C1 | C7: CUADRILLA AA TIPO 1 (1 OFICIAL + 1 AYUDANTE) (Albañileria) | D7: Cuadrilla | E7: HR | F7: 0.09 | G7: 18395 | H7: =+ROUND(F7*G7,0) -> 1656
A8: 001.044 | B8: E24 | C8: VOLQUETA 6M3 (CARGUE A MANO) | D8: Equipos | E8: VJE | F8: 0.001 | G8: 124723 | H8: =+ROUND(F8*G8,0) -> 125
A9: 001.044 | B9: H2 | C9: EQUIPO BASICO (HERRAMIENTA MENOR) | D9: Herramienta | E9: UND | F9: 0.09 | G9: 2679 | H9: =+ROUND(F9*G9,0) -> 241
A10: 001.044 | B10: I1565 | C10: ACARREO INTERNO | D10: Insumo | E10: UND | F10: 0.096 | G10: 1402 | H10: =+ROUND(F10*G10,0) -> 135
A12: 029.014 | B12: - | C12: DEMOLICION DE PAVIMENTO CONCRETO HIDRAULICO CON EQUIPO MECANICO | D12: Actividad | E12: M3 | H12: =SUM(H13:H17) -> 105565 | I12: =+$I$6 -> 1.3656 | J12: =ROUND(H12*I12,0) -> 144160
A13: 029.014 | B13: C22 | C13: CUADRILLA AA TIPO 4 (1 OFICIAL + 4 AYUDANTE) (Albañileria) | D13: Cuadrilla | E13: HR | F13: 0.4 | G13: 39620 | H13: =+ROUND(F13*G13,0) -> 15848
A14: 029.014 | B14: E24 | C14: VOLQUETA 6M3 (CARGUE A MANO) | D14: Equipos | E14: VJE | F14: 0.25 | G14: 124723 | H14: =+ROUND(F14*G14,0) -> 31181
A15: 029.014 | B15: E7 | C15: COMPRESOR 2 MARTILLOS (INCLUYE ACPM Y TRANSPORTE) | D15: Equipos | E15: HR | F15: 0.7 | G15: 80383 | H15: =+ROUND(F15*G15,0) -> 56268
A16: 029.014 | B16: H2 | C16: EQUIPO BASICO (HERRAMIENTA MENOR) | D16: Herramienta | E16: UND | F16: 0.4 | G16: 2679 | H16: =+ROUND(F16*G16,0) -> 1072
A17: 029.014 | B17: I1565 | C17: ACARREO INTERNO | D17: Insumo | E17: UND | F17: 0.853 | G17: 1402 | H17: =+ROUND(F17*G17,0) -> 1196
A19: 029.015 | B19: - | C19: DEMOLICION DE PAVIMENTO CONCRETO HIDRAULICO MANUAL | D19: Actividad | E19: M3 | H19: =SUM(H20:H23) -> 167037 | I19: =+$I$6 -> 1.3656 | J19: =ROUND(H19*I19,0) -> 228106
A20: 029.015 | B20: C22 | C20: CUADRILLA AA TIPO 4 (1 OFICIAL + 4 AYUDANTE) (Albañileria) | D20: Cuadrilla | E20: HR | F20: 3 | G20: 39620 | H20: =+ROUND(F20*G20,0) -> 118860
A21: 029.015 | B21: E24 | C21: VOLQUETA 6M3 (CARGUE A MANO) | D21: Equipos | E21: VJE | F21: 0.25 | G21: 124723 | H21: =+ROUND(F21*G21,0) -> 31181
A22: 029.015 | B22: H2 | C22: EQUIPO BASICO (HERRAMIENTA MENOR) | D22: Herramienta | E22: UND | F22: 3 | G22: 2679 | H22: =+ROUND(F22*G22,0) -> 8037
A23: 029.015 | B23: I1565 | C23: ACARREO INTERNO | D23: Insumo | E23: UND | F23: 6.39 | G23: 1402 | H23: =+ROUND(F23*G23,0) -> 8959
A25: 029.013 | B25: - | C25: DEMOLICION DE PAVIMENTO CONCRETO ASFALTICO | D25: Actividad | E25: M3 | H25: =SUM(H26:H30) -> 84598 | I25: =+$I$6 -> 1.3656 | J25: =ROUND(H25*I25,0) -> 115527
A26: 029.013 | B26: C15 | C26: CUADRILLA AA TIPO 3 (1 OFICIAL + 3 AYUDANTE) (Albañileria) | D26: Cuadrilla | E26: HR | F26: 0.35 | G26: 32545 | H26: =+ROUND(F26*G26,0) -> 11391
A27: 029.013 | B27: E24 | C27: VOLQUETA 6M3 (CARGUE A MANO) | D27: Equipos | E27: VJE | F27: 0.25 | G27: 124723 | H27: =+ROUND(F27*G27,0) -> 31181
A28: 029.013 | B28: E7 | C28: COMPRESOR 2 MARTILLOS (INCLUYE ACPM Y TRANSPORTE) | D28: Equipos | E28: HR | F28: 0.5 | G28: 80383 | H28: =+ROUND(F28*G28,0) -> 40192
A29: 029.013 | B29: H2 | C29: EQUIPO BASICO (HERRAMIENTA MENOR) | D29: Herramienta | E29: UND | F29: 0.35 | G29: 2679 | H29: =+ROUND(F29*G29,0) -> 938
A30: 029.013 | B30: I1565 | C30: ACARREO INTERNO | D30: Insumo | E30: UND | F30: 0.639 | G30: 1402 | H30: =+ROUND(F30*G30,0) -> 896
A32: 002.016 | B32: - | C32: EXCAVACIÓN A CIELO ABIERTO - MATERIAL COMÚN - 0.0 A 2.0 M | D32: Actividad | E32: M3 | H32: =SUM(H33:H35) -> 24717 | I32: =+$I$6 -> 1.3656 | J32: =ROUND(H32*I32,0) -> 33754
A33: 002.016 | B33: C22 | C33: CUADRILLA AA TIPO 4 (1 OFICIAL + 4 AYUDANTE) (Albañileria) | D33: Cuadrilla | E33: HR | F33: 0.54 | G33: 39620 | H33: =+ROUND(F33*G33,0) -> 21395
A34: 002.016 | B34: I282 | C34: MANEJO DE AGUAS PARA PROTECCION DE LA ZONA DE EXCAVACION(SUELO CEMENTO 10:1) | D34: Insumo | E34: M3 | F34: 0.015 | G34: 149975 | H34: =+ROUND(F34*G34,0) -> 2250
A35: 002.016 | B35: H2 | C35: EQUIPO BASICO (HERRAMIENTA MENOR) | D35: Herramienta | E35: UND | F35: 0.4 | G35: 2679 | H35: =+ROUND(F35*G35,0) -> 1072
A37: 002.017 | B37: - | C37: EXCAVACIÓN A CIELO ABIERTO - CONGLOMERADO - 0.0 A 2.0 M | D37: Actividad | E37: M3 | H37: =SUM(H38:H40) -> 35949 | I37: =+$I$6 -> 1.3656 | J37: =ROUND(H37*I37,0) -> 49092
A38: 002.017 | B38: C22 | C38: CUADRILLA AA TIPO 4 (1 OFICIAL + 4 AYUDANTE) (Albañileria) | D38: Cuadrilla | E38: HR | F38: 0.81 | G38: 39620 | H38: =+ROUND(F38*G38,0) -> 32092
A39: 002.017 | B39: I282 | C39: MANEJO DE AGUAS PARA PROTECCION DE LA ZONA DE EXCAVACION(SUELO CEMENTO 10:1) | D39: Insumo | E39: M3 | F39: 0.015 | G39: 149975 | H39: =+ROUND(F39*G39,0) -> 2250
A40: 002.017 | B40: H2 | C40: EQUIPO BASICO (HERRAMIENTA MENOR) | D40: Herramienta | E40: UND | F40: 0.6 | G40: 2679 | H40: =+ROUND(F40*G40,0) -> 1607
A42: 001.060 | B42: - | C42: SUMINISTRO, TRANSPORTE E INSTALACION TECHADO MOVIBLE EN GUADUA Y PLÁSTICO | D42: Actividad | E42: M2 | H42: =SUM(H43:H48) -> 6009 | I42: =+$I$6 -> 1.3656 | J42: =ROUND(H42*I42,0) -> 8206
A43: 001.060 | B43: C22 | C43: CUADRILLA AA TIPO 4 (1 OFICIAL + 4 AYUDANTE) (Albañileria) | D43: Cuadrilla | E43: HR | F43: 0.05 | G43: =+VLOOKUP(B43,[111]Insumos!$A$2:$F$2700,5,FALSE) -> 39620 | H43: =+ROUND(F43*G43,0) -> 1981
A44: 001.060 | B44: E12 | C44: EQUIPO DE TRANSPORTE | D44: Equipos | E44: DIA | F44: 0.00052 | G44: =+VLOOKUP(B44,[111]Insumos!$A$2:$F$2700,5,FALSE) -> 138578 | H44: =+ROUND(F44*G44,0) -> 72
A45: 001.060 | B45: H2 | C45: EQUIPO BASICO (HERRAMIENTA MENOR) | D45: Herramienta | E45: UND | F45: 0.15 | G45: =+VLOOKUP(B45,[111]Insumos!$A$2:$F$2700,5,FALSE) -> 2679 | H45: =+ROUND(F45*G45,0) -> 402
A46: 001.060 | B46: I1565 | C46: ACARREO INTERNO | D46: Insumo | E46: UND | F46: 0.159 | G46: =+VLOOKUP(B46,[111]Insumos!$A$2:$F$2700,5,FALSE) -> 1402 | H46: =+ROUND(F46*G46,0) -> 223
A47: 001.060 | B47: I455 | C47: ESTRUCTURA EN GUADUA | D47: Insumo | E47: M2 | F47: 0.25 | G47: =+VLOOKUP(B47,[111]Insumos!$A$2:$F$2700,5,FALSE) -> 2423 | H47: =+ROUND(F47*G47,0) -> 606
A48: 001.060 | B48: I456 | C48: PLÁSTICO TRANSPARENTE CALIBRE 6 | D48: Insumo | E48: M2 | F48: 1 | G48: =+VLOOKUP(B48,[111]Insumos!$A$2:$F$2700,5,FALSE) -> 2725 | H48: =+ROUND(F48*G48,0) -> 2725
A50: 023.008 | B50: - | C50: SUMINISTRO, TRANSPORTE E INSTALACION AFIRMADO PARA ANDENES | D50: Actividad | E50: M3 | H50: =SUM(H51:H55) -> 109343 | I50: =+$I$6 -> 1.3656 | J50: =ROUND(H50*I50,0) -> 149319
A51: 023.008 | B51: C15 | C51: CUADRILLA AA TIPO 3 (1 OFICIAL + 3 AYUDANTE) (Albañileria) | D51: Cuadrilla | E51: HR | F51: 0.4 | G51: 32545 | H51: =+ROUND(F51*G51,0) -> 13018
A52: 023.008 | B52: E47 | C52: VIBROCOMPACTADOR TIPO RANA | D52: Equipos | E52: DIA | F52: 0.5 | G52: 45733 | H52: =+ROUND(F52*G52,0) -> 22867
A53: 023.008 | B53: H2 | C53: EQUIPO BASICO (HERRAMIENTA MENOR) | D53: Herramienta | E53: UND | F53: 0.5 | G53: 2679 | H53: =+ROUND(F53*G53,0) -> 1340
A54: 023.008 | B54: I1565 | C54: ACARREO INTERNO | D54: Insumo | E54: UND | F54: 2.1 | G54: 1402 | H54: =+ROUND(F54*G54,0) -> 2944
A55: 023.008 | B55: I50 | C55: AFIRMADO NORMA INVIAS | D55: Insumo | E55: M3 | F55: 1.3 | G55: 53211 | H55: =+ROUND(F55*G55,0) -> 69174
A57: 023.012-1 | B57: - | C57: SUMINISTRO, TRANSPORTE E INSTALACION SUB BASE COMPACTADA CON CILINDRO | D57: Actividad | E57: M3 | H57: =SUM(H58:H63) -> 152551 | I57: =+$I$6 -> 1.3656 | J57: =ROUND(H57*I57,0) -> 208324
A58: 023.012 | B58: C15 | C58: CUADRILLA AA TIPO 3 (1 OFICIAL + 3 AYUDANTE) (Albañileria) | D58: Cuadrilla | E58: HR | F58: 0.4 | G58: 32545 | H58: =+ROUND(F58*G58,0) -> 13018
A59: 023.012 | B59: E12 | C59: EQUIPO DE TRANSPORTE | D59: Equipos | E59: DIA | F59: 0.02 | G59: 138578 | H59: =+ROUND(F59*G59,0) -> 2772
A60: 023.012 | B60: E47-1 | C60: COMPACTADOR DE 3 TON | D60: Equipos | E60: DIA | F60: 0.15 | G60: 110702 | H60: =+ROUND(F60*G60,0) -> 16605
A61: 023.012 | B61: H2 | C61: EQUIPO BASICO (HERRAMIENTA MENOR) | D61: Herramienta | E61: UND | F61: 0.5 | G61: 2679 | H61: =+ROUND(F61*G61,0) -> 1340
A62: 023.012 | B62: I1565 | C62: ACARREO INTERNO | D62: Insumo | E62: UND | F62: 1 | G62: 1402 | H62: =+ROUND(F62*G62,0) -> 1402
A63: 023.012 | B63: I43 | C63: SUB BASE GRANULAR SBG-1 NORMA INVIAS | D63: Insumo | E63: M3 | F63: 1.25 | G63: 93931 | H63: =+ROUND(F63*G63,0) -> 117414
A65: 023.028 | B65: - | C65: SUMINISTRO, TRANSPORTE E INSTALACION PAVIMENTO EN CONCRETO MR 42 HECHO EN OBRA | D65: Actividad | E65: M3 | H65: =SUM(H66:H76) -> 689494 | I65: =+$I$6 -> 1.3656 | J65: =ROUND(H65*I65,0) -> 941573
A66: 023.028 | B66: AB15 | C66: CONCRETO MR 42 kg/cm2 | D66: Analisis | E66: M3 | F66: 1.05 | G66: 459927 | H66: =+ROUND(F66*G66,0) -> 482923
A67: 023.028 | B67: C22 | C67: CUADRILLA AA TIPO 4 (1 OFICIAL + 4 AYUDANTE) (Albañileria) | D67: Cuadrilla | E67: HR | F67: 3.5 | G67: 39620 | H67: =+ROUND(F67*G67,0) -> 138670
A68: 023.028 | B68: E12 | C68: EQUIPO DE TRANSPORTE | D68: Equipos | E68: DIA | F68: 0.0657 | G68: 138578 | H68: =+ROUND(F68*G68,0) -> 9105
A69: 023.028 | B69: E16 | C69: REGLA VIBRATORIA | D69: Equipos | E69: DIA | F69: 0.1 | G69: 80383 | H69: =+ROUND(F69*G69,0) -> 8038
A70: 023.028 | B70: E21 | C70: VIBRADOR A GASOLINA | D70: Equipos | E70: DIA | F70: 0.1 | G70: 54867 | H70: =+ROUND(F70*G70,0) -> 5487
A71: 023.028 | B71: H2 | C71: EQUIPO BASICO (HERRAMIENTA MENOR) | D71: Herramienta | E71: UND | F71: 3.5 | G71: 2679 | H71: =+ROUND(F71*G71,0) -> 9377
A72: 023.028 | B72: I1565 | C72: ACARREO INTERNO | D72: Insumo | E72: UND | F72: 7 | G72: 1402 | H72: =+ROUND(F72*G72,0) -> 9814
A73: 023.028 | B73: I424 | C73: PUNTILLA CON CABEZA 1" | D73: Insumo | E73: LB | F73: 0.2 | G73: 3787 | H73: =+ROUND(F73*G73,0) -> 757
A74: 023.028 | B74: I478 | C74: ADITIVO PARA CURAR EL CONCRETO | D74: Insumo | E74: UND | F74: 0.09 | G74: 35912 | H74: =+ROUND(F74*G74,0) -> 3232
A75: 023.028 | B75: I990 | C75: TABLA 1"X10"X3M | D75: Insumo | E75: UND | F75: 0.8 | G75: 11202 | H75: =+ROUND(F75*G75,0) -> 8962
A76: 023.028 | B76: I991 | C76: CUARTON 2"X4"X3M | D76: Insumo | E76: UND | F76: 1.25 | G76: 10503 | H76: =+ROUND(F76*G76,0) -> 13129
A78: 023.006-1 | B78: - | C78: SUMINISTRO, TRANSPORTE E INSTALACION PAVIMENTO EN CONCRETO PREMEZCLADO MR 42(Rutas de alto tráfico) | D78: Actividad | E78: M3 | H78: =SUM(H79:H89) -> 767477 | I78: =+$I$6 -> 1.3656 | J78: =ROUND(H78*I78,0) -> 1048067
A79: 023.006 | B79: C22 | C79: CUADRILLA AA TIPO 4 (1 OFICIAL + 4 AYUDANTE) (Albañileria) | D79: Cuadrilla | E79: HR | F79: 2.4 | G79: =+VLOOKUP(B79,[111]Insumos!$A$2:$F$2700,5,FALSE) -> 39620 | H79: =+ROUND(F79*G79,0) -> 95088
A80: 023.006 | B80: E12 | C80: EQUIPO DE TRANSPORTE | D80: Equipos | E80: DIA | F80: 0.0657 | G80: =+VLOOKUP(B80,[111]Insumos!$A$2:$F$2700,5,FALSE) -> 138578 | H80: =+ROUND(F80*G80,0) -> 9105
A81: 023.006 | B81: E16 | C81: REGLA VIBRATORIA | D81: Equipos | E81: DIA | F81: 0.1 | G81: =+VLOOKUP(B81,[111]Insumos!$A$2:$F$2700,5,FALSE) -> 80383 | H81: =+ROUND(F81*G81,0) -> 8038
A82: 023.006 | B82: E21 | C82: VIBRADOR A GASOLINA | D82: Equipos | E82: DIA | F82: 0.1 | G82: =+VLOOKUP(B82,[111]Insumos!$A$2:$F$2700,5,FALSE) -> 54867 | H82: =+ROUND(F82*G82,0) -> 5487
A83: 023.006 | B83: H2 | C83: EQUIPO BASICO (HERRAMIENTA MENOR) | D83: Herramienta | E83: UND | F83: 2.6 | G83: =+VLOOKUP(B83,[111]Insumos!$A$2:$F$2700,5,FALSE) -> 2679 | H83: =+ROUND(F83*G83,0) -> 6965
A84: 023.006 | B84: I1565 | C84: ACARREO INTERNO | D84: Insumo | E84: UND | F84: 7 | G84: =+VLOOKUP(B84,[111]Insumos!$A$2:$F$2700,5,FALSE) -> 1402 | H84: =+ROUND(F84*G84,0) -> 9814
A85: 023.006 | B85: I275 | C85: CONCRETO PREMEZCLADO PARA PAVIMENTO MR 42 KG/CM2 | D85: Insumo | E85: M3 | F85: 1.05 | G85: 578000 | H85: =+ROUND(F85*G85,0) -> 606900
A86: 023.006 | B86: I424 | C86: PUNTILLA CON CABEZA 1" | D86: Insumo | E86: LB | F86: 0.2 | G86: =+VLOOKUP(B86,[111]Insumos!$A$2:$F$2700,5,FALSE) -> 3787 | H86: =+ROUND(F86*G86,0) -> 757
A87: 023.006 | B87: I478 | C87: ADITIVO PARA CURAR EL CONCRETO | D87: Insumo | E87: UND | F87: 0.09 | G87: =+VLOOKUP(B87,[111]Insumos!$A$2:$F$2700,5,FALSE) -> 35912 | H87: =+ROUND(F87*G87,0) -> 3232
A88: 023.006 | B88: I990 | C88: TABLA 1"X10"X3M | D88: Insumo | E88: UND | F88: 0.8 | G88: =+VLOOKUP(B88,[111]Insumos!$A$2:$F$2700,5,FALSE) -> 11202 | H88: =+ROUND(F88*G88,0) -> 8962
A89: 023.006 | B89: I991 | C89: CUARTON 2"X4"X3M | D89: Insumo | E89: UND | F89: 1.25 | G89: =+VLOOKUP(B89,[111]Insumos!$A$2:$F$2700,5,FALSE) -> 10503 | H89: =+ROUND(F89*G89,0) -> 13129
A91: 023.002 | B91: - | C91: SUMINISTRO, TRANSPORTE E INSTALACION IMPRIMACION CON EMULSION ASFALTICA según norma INVIAS. | D91: Actividad | E91: M2 | H91: =SUM(H92:H98) -> 3331 | I91: =+$I$6 -> 1.3656 | J91: =ROUND(H91*I91,0) -> 4549
A92: 023.002 | B92: C8 | C92: CUADRILLA AA TIPO 2 (1 OFICIAL + 2 AYUDANTE) (Albañileria) | D92: Cuadrilla | E92: HR | F92: 0.002 | G92: =+VLOOKUP(B92,[111]Insumos!$A$2:$F$2700,5,FALSE) -> 25470 | H92: =+ROUND(F92*G92,0) -> 51
A93: 023.002 | B93: E12 | C93: EQUIPO DE TRANSPORTE | D93: Equipos | E93: DIA | F93: 0.0005 | G93: =+VLOOKUP(B93,[111]Insumos!$A$2:$F$2700,5,FALSE) -> 138578 | H93: =+ROUND(F93*G93,0) -> 69
A94: 023.002 | B94: E4 | C94: CARROTANQUE IRRIGADOR DE ASFALTO | D94: Equipos | E94: HR | F94: 0.002 | G94: =+VLOOKUP(B94,[111]Insumos!$A$2:$F$2700,5,FALSE) -> 75999 | H94: =+ROUND(F94*G94,0) -> 152
A95: 023.002 | B95: E6 | C95: COMPRESOR (BARRIDO Y/O SOPLADO DE LA SUPERFICIE PAVIMENTO) | D95: Equipos | E95: HR | F95: 0.002 | G95: =+VLOOKUP(B95,[111]Insumos!$A$2:$F$2700,5,FALSE) -> 78923 | H95: =+ROUND(F95*G95,0) -> 158
A96: 023.002 | B96: H2 | C96: EQUIPO BASICO (HERRAMIENTA MENOR) | D96: Herramienta | E96: UND | F96: 0.001 | G96: =+VLOOKUP(B96,[111]Insumos!$A$2:$F$2700,5,FALSE) -> 2679 | H96: =+ROUND(F96*G96,0) -> 3
A97: 023.002 | B97: I1565 | C97: ACARREO INTERNO | D97: Insumo | E97: UND | F97: 0.0023 | G97: =+VLOOKUP(B97,[111]Insumos!$A$2:$F$2700,5,FALSE) -> 1402 | H97: =+ROUND(F97*G97,0) -> 3
A98: 023.002 | B98: I367 | C98: EMULSION ASFALTICA TIPO CRL-1 | D98: Insumo | E98: LT | F98: 1 | G98: =+VLOOKUP(B98,[111]Insumos!$A$2:$F$2700,5,FALSE) -> 2895 | H98: =+ROUND(F98*G98,0) -> 2895
A100: 023.004 | B100: - | C100: SUMINISTRO, TRANSPORTE E INSTALACION MEZCLA ASFALTICA TIPO MDC-19 según norma INVIAS. PARA PARCHEO MANTENIMIENTO DE AREAS MENORES A 1.100 m2 | D100: Actividad | E100: M3 | H100: =SUM(H101:H109) -> 842205 | I100: =+$I$6 -> 1.3656 | J100: =ROUND(H100*I100,0) -> 1150115 | Q100: =82.99/0.1 -> 829.9
A101: 023.004 | B101: C22 | C101: CUADRILLA AA TIPO 4 (1 OFICIAL + 4 AYUDANTE) (Albañileria) | D101: Cuadrilla | E101: HR | F101: 1 | G101: =+VLOOKUP(B101,[111]Insumos!$A$2:$F$2700,5,FALSE) -> 39620 | H101: =+ROUND(F101*G101,0) -> 39620
A102: 023.004 | B102: E12 | C102: EQUIPO DE TRANSPORTE | D102: Equipos | E102: DIA | F102: 0.3 | G102: =+VLOOKUP(B102,[111]Insumos!$A$2:$F$2700,5,FALSE) -> 138578 | H102: =+ROUND(F102*G102,0) -> 41573
A103: 023.004 | B103: E20 | C103: TERMINADORA DE ASFALTO | D103: Equipos | E103: HR | F103: 0.04 | G103: =+VLOOKUP(B103,[111]Insumos!$A$2:$F$2700,5,FALSE) -> 153465 | H103: =+ROUND(F103*G103,0) -> 6139
A104: 023.004 | B104: E22 | C104: VIBROCOMPACTADOR DE SUELO | D104: Equipos | E104: HR | F104: 0.04 | G104: =+VLOOKUP(B104,[111]Insumos!$A$2:$F$2700,5,FALSE) -> 124231 | H104: =+ROUND(F104*G104,0) -> 4969
A105: 023.004 | B105: E3 | C105: CARROTANQUE DE AGUA 10.000 LTS. | D105: Equipos | E105: HR | F105: 0.002 | G105: =+VLOOKUP(B105,[111]Insumos!$A$2:$F$2700,5,FALSE) -> 65769 | H105: =+ROUND(F105*G105,0) -> 132
A106: 023.004 | B106: E5 | C106: COMPACTADOR DE ASFALTO | D106: Equipos | E106: HR | F106: 0.04 | G106: =+VLOOKUP(B106,[111]Insumos!$A$2:$F$2700,5,FALSE) -> 116923 | H106: =+ROUND(F106*G106,0) -> 4677
A107: 023.004 | B107: H2 | C107: EQUIPO BASICO (HERRAMIENTA MENOR) | D107: Herramienta | E107: UND | F107: 1 | G107: =+VLOOKUP(B107,[111]Insumos!$A$2:$F$2700,5,FALSE) -> 2679 | H107: =+ROUND(F107*G107,0) -> 2679
A108: 023.004 | B108: I1565 | C108: ACARREO INTERNO | D108: Insumo | E108: UND | F108: 0.18 | G108: =+VLOOKUP(B108,[111]Insumos!$A$2:$F$2700,5,FALSE) -> 1402 | H108: =+ROUND(F108*G108,0) -> 252
A109: 023.004 | B109: I370 | C109: MEZCLA ASFALTICA TIPO MDC-19 | D109: Insumo | E109: M3 | F109: 1.25 | G109: 593731 | H109: =+ROUND(F109*G109,0) -> 742164
A111: 023.031 | B111: - | C111: SUMINISTRO, TRANSPORTE E INSTALACION MEZCLA ASFALTICA TIPO MDC-19 PARA PARCHEO MANTENIMIENTO. | D111: Actividad | E111: M3 | H111: =SUM(H112:H118) -> 945721 | I111: =+$I$6 -> 1.3656 | J111: =ROUND(H111*I111,0) -> 1291477
A112: 023.031 | B112: C22 | C112: CUADRILLA AA TIPO 4 (1 OFICIAL + 4 AYUDANTE) (Albañileria) | D112: Cuadrilla | E112: HR | F112: 1.5 | G112: 39620 | H112: =+ROUND(F112*G112,0) -> 59430
A113: 023.031 | B113: E12 | C113: EQUIPO DE TRANSPORTE | D113: Equipos | E113: DIA | F113: 0.2 | G113: 138578 | H113: =+ROUND(F113*G113,0) -> 27716
A114: 023.031 | B114: E24-1 | C114: VOLQUETA 8M3 | D114: Equipos | E114: VJE | F114: =1/8 -> 0.125 | G114: 720000 | H114: =+ROUND(F114*G114,0) -> 90000
A115: 023.031 | B115: E47-1 | C115: COMPACTADOR DE 3 TON | D115: Equipos | E115: DIA | F115: 0.2 | G115: 110702 | H115: =+ROUND(F115*G115,0) -> 22140
...

Sheet AIU
A1: CALCULO DEL AIU.
A2: PROYECTO: | B2: MANTENIMIENTO Y REHABILITACIÓN DE VÍAS URBANAS, MEDIANTE LA REPARACIÓN Y CONSTRUCCIÓN DE PAVIMENTOS Y PEATONALES EN LA CIUDAD DE MANIZALES COMUNA 1 - ATARDECERES
A4: Valor estimado de la Obra (Costo Directo). | D4: Valor | E4: 475981254
A5: Plazo estimado de ejecución | D5: Meses | E5: 3
A7: CAPITULO | B7: TIPO DE GASTO | C7: UN | D7: CANTIDAD. | E7: Destinación | F7: VLOR UNITARIO (mes) | G7: Factor Prestacional. | H7: VLOR TOTAL | I7: SUMA | J7: PORCENTAJE
A9: 1 | B9: GASTOS GENERALES. | J9: =+J10 -> 0.15015431
A10: 1.1 | B10: MANO DE OBRA Y GASTOS DE OFICINA | I10: =SUM(H11:H25) -> 71470635 | J10: =+I10/$E$4 -> 0.15015431
B11: Ingeniero Director con prestaciones | C11: Un | D11: 1 | E11: 0.2 | F11: 5000000 | G11: 0.5483 | H11: =+D11*E11*$E$5*F11*(1+G11) -> 4644900
B12: Ingeniero Residente con prestaciones | C12: Un | D12: 1 | E12: 1 | F12: 3500000 | G12: 0.5483 | H12: =+D12*E12*$E$5*F12*(1+G12) -> 16257150
B13: Técnico constructor como Maestro de obra | C13: Un | D13: 1 | E13: 1 | F13: 2000000 | G13: 0.5483 | H13: =+D13*E13*$E$5*F13*(1+G13) -> 9289800
B14: Trabajadora social | C14: Un | D14: 1 | E14: 0.5 | F14: 2000000 | G14: 0.5483 | H14: =+D14*E14*$E$5*F14*(1+G14) -> 4644900
B15: Profesional en Seguridad y Salud en el Trabajo | C15: Un | D15: 1 | E15: 1 | F15: 2500000 | G15: 0.5483 | H15: =+D15*E15*$E$5*F15*(1+G15) -> 11612250
B16: Ingeniero Ambiental | C16: Un | D16: 1 | E16: 0.5 | F16: 2500000 | G16: 0.5483 | H16: =+D16*E16*$E$5*F16*(1+G16) -> 5806125
B17: Almacenista con prestaciones | C17: Un | D17: 1 | E17: 1 | F17: 1000000 | G17: 0.6979 | H17: =+D17*E17*$E$5*F17*(1+G17) -> 5093700
B18: Celador con prestaciones | C18: Un | D18: 1 | E18: 1 | F18: 1100000 | G18: 0.6979 | H18: =+D18*E18*$E$5*F18*(1+G18) -> 5603070
B19: Secretaria con prestaciones | C19: Un | D19: 1 | E19: 0.2 | F19: 1000000 | G19: 0.6979 | H19: =+D19*E19*$E$5*F19*(1+G19) -> 1018740
B21: Almacén (Equipo de Oficina, Escritorio, pc, impresora, sillas, papeleria etc) | C21: Un | D21: 1 | E21: 1 | F21: 500000 | H21: =E21*D21*F21*E5 -> 1500000
B22: Señalización obra(señalizacion vertical, delineadores y cinta), plan manejo tránsito, etc | C22: GL | D22: 1 | E22: 1 | F22: 1200000 | H22: =E22*D22*F22*E5 -> 3600000
B23: Ensayos de laboratorio | C23: Un | D23: 1 | E23: 1 | F23: 500000 | H23: =$E$5*F23*E23*D23 -> 1500000
B24: Elaboracion de informes, registros | C24: Un | D24: 1 | E24: 1 | F24: 300000 | H24: =$E$5*F24*E24*D24 -> 900000
A26: 2 | B26: GASTOS INDIRECTOS. | J26: =J27+J31+J38+J41 -> 0.15542629
A27: 2.1 | B27: LEGALIZACION.
B28: Factor Multiplicador | G28: 1.3656
A31: 2.2 | B31: POLIZAS | I31: =SUM(H32:H37) -> 6825000 | J31: =+I31/$E$4 -> 0.0143388
B32: Cumplimiento | C32: % | D32: 0.0004 | F32: =+$E$4 -> 475981254 | G32: =+$G$28 -> 1.3656 | H32: =+F32*G32*D32 -> 260000 | J32: =+H32/$E$4 -> 0.00054624
B33: Estabilidad | C33: % | D33: 0.0052 | F33: =+$E$4 -> 475981254 | G33: =+$G$28 -> 1.3656 | H33: =+F33*G33*D33 -> 3380000 | J33: =+H33/$E$4 -> 0.00710112
B34: Seriedad de la Propuesta. | C34: % | D34: 0.0002 | F34: =+$E$4 -> 475981254 | G34: =+$G$28 -> 1.3656 | H34: =+F34*G34*D34 -> 130000 | J34: =+H34/$E$4 -> 0.00027312
B35: Buen manejo y correcta inversión del anticipo | C35: % | D35: 0 | F35: =+$E$4 -> 475981254 | G35: =+$G$28 -> 1.3656 | H35: =+F35*G35*D35 -> 0 | J35: =+H35/$E$4 -> 0
B36: Pago de salarios, prestaciones sociales legales e indemnizaciones laborales | C36: % | D36: 0.0028 | F36: =+$E$4 -> 475981254 | G36: =+$G$28 -> 1.3656 | H36: =+F36*G36*D36 -> 1820000 | J36: =+H36/$E$4 -> 0.00382368
B37: Responsabilidad Civil | C37: % | D37: 0.0019 | F37: =+$E$4 -> 475981254 | G37: =+$G$28 -> 1.3656 | H37: =+F37*G37*D37 -> 1235000 | J37: =+H37/$E$4 -> 0.00259464
A38: 2.3 | B38: VALLAS Y SEÑALIZACIÓN | I38: =SUM(H39:H40) -> 3000000 | J38: =+I38/$E$4 -> 0.0063027692
B39: Valla (8 metros cuadrados en lona) | C39: Un | D39: 2 | E39: 1 | F39: 500000 | H39: =+D39*F39 -> 1000000 | J39: =+H39/$E$4 -> 0.0021009231
B40: Seguridad Industrial y Señalización preventiva | C40: Gb | D40: 1 | F40: 2000000 | H40: =+F40*D40 -> 2000000 | J40: =+H40/$E$4 -> 0.0042018462
A41: 2.4 | B41: IMPUESTOS Y VALORES AGREGADOS | I41: =SUM(H42:H48) -> 64155000 | J41: =+I41/$E$4 -> 0.13478472
B42: Contribución Especial (Seguridad Ciudadana) | C42: % | D42: 0.05 | F42: =+$E$4 -> 475981254 | G42: =+$G$28 -> 1.3656 | H42: =+D42*F42*G42 -> 32500000 | J42: =+H42/$E$4 -> 0.06828
B43: Estampillas para el bienestar del adulto mayor | C43: % | D43: 0.02 | F43: =+$E$4 -> 475981254 | G43: =+$G$28 -> 1.3656 | H43: =+D43*F43*G43 -> 13000000 | J43: =+H43/$E$4 -> 0.027312
B44: Estampillas Pro - Universidades. | C44: % | D44: 0.01 | F44: =+$E$4 -> 475981254 | G44: =+$G$28 -> 1.3656 | H44: =+D44*F44*G44 -> 6500000 | J44: =+H44/$E$4 -> 0.013656
B45: Estampilla pro cultura | C45: % | D45: 0.005 | F45: =+$E$4 -> 475981254 | G45: =+$G$28 -> 1.3656 | H45: =+D45*F45*G45 -> 3250000 | J45: =+H45/$E$4 -> 0.006828
B46: Tasa pro deporte y recreación | C46: % | D46: 0.005 | F46: =+$E$4 -> 475981254 | G46: =+$G$28 -> 1.3656 | H46: =+D46*F46*G46 -> 3250000 | J46: =+H46/$E$4 -> 0.006828
B47: 4/1000 (transacciones financieras) | C47: % | D47: 0.005 | F47: =+$E$4 -> 475981254 | G47: =+$G$28 -> 1.3656 | H47: =+D47*F47*G47 -> 3250000 | J47: =+H47/$E$4 -> 0.006828
B48: Industria y Comercio 3,7 x 1.000 sobre valor total. | C48: % | D48: 0.0037 | F48: =+$E$4 -> 475981254 | G48: =+$G$28 -> 1.3656 | H48: =+D48*F48*G48 -> 2405000 | J48: =+H48/$E$4 -> 0.00505272
B49: TOTAL GASTOS INDIRECTOS DE ADMINISTRACION. | I49: =SUM(I10:I48) -> 1.4545064e+08 | J49: =+ROUND((J9+J26),4) -> 0.3056
B50: IMPREVISTO: | J50: 0
B51: UTILIDAD (+ IVA).: | I51: 0.06 | J51: 0.06
B52: A.I.U. | J52: =SUM(J49+J50+J51) -> 0.3656

Sheet INDICAR EL CODIGO DEL ITEM
C3: Código | D3: CCE-EICP-FM-14 | E3: Versión | F3: 2
C5: [La entidad podrá utilizar este formato para la presentación de los análisis de precios unitarios del contratista en la oportunidad prevista en el numeral 8.1. del Documento Base]
D8: [NOMBRE DE LA ENTIDAD]
L9: VERSIÓN
D10: [NÚMERO DEL PROCESO]
L11: PÁGINA | M11: 1 | N11: DE | O11: 1
D13: ANALISIS DE PRECIOS UNITARIOS
L15: FECHA | M15: DD | N15: MM | O15: AA
C17: ÍTEMS DE LA PROPUESTA ECONÓMICA | I17: ÍTEMS NO PREVISTOS
C21: DATOS ESPECÍFICOS
C23: ÍTEM | D23: DESCRIPCIÓN | M23: UNIDAD | O23: CANTIDAD
C25: I. EQUIPO
C28: DESCRIPCIÓN | H28: MARCA | J28: TIPO | L28: TARIFA/HORA | M28: RENDIMIENTO | O28: Vr. UNITARIO
C32: SUBTOTAL $
C33: II. MATERIALES
C36: DESCRIPCIÓN | K36: UNIDAD | L36: CANTIDAD | M36: PRECIO UNIT. | O36: Vr. UNITARIO
C39: SUBTOTAL $ | O39: 0
C40: III. TRANSPORTES
C43: MATERIAL | J43: VOL. o PESO | K43: DISTANCIA | L43: M3 o Ton/Km | M43: TARIFA | O43: Vr. UNITARIO
C46: SUBTOTAL $
C47: IV. MANO DE OBRA
C50: TRABAJADOR | J50: JORNAL | K50: PRESTACIONES | L50: JORNAL TOTAL | M50: RENDIMIENTO | O50: Vr. UNITARIO
C55: SUBTOTAL $
C57: TOTAL COSTO DIRECTO $
C58: V. COSTOS INDIRECTOS
C61: Descripción | L61: Porcentaje | M61: Valor Total
C62: ADMINISTRACION
C63: IMPREVISTOS
C64: UTILIDAD
C65: SUBTOTAL $
C67: Precio Unitario Total Aproximado al peso $
H71: Firma
H72: Nombre:
H73: Representante Legal del Contratista o su Apoderado
H74: Matricula No. :
C76: OBSERVACIONES INTERVENTORÍA
C80: APROBACIÓN POR INTERVENTORÍA
C81: Nota 1: Cuando se trate de Análisis de precios unitarios correspondientes a ítems de la propuesta económica aprobada, el Interventor aprueba el desglose de los componentes manteniendo el mismo precio unitario de cada ítem, cumpliendo con las especificaciones de construcción vigentes para el proyecto.
C83: Nota 2: Cuando se trate de Análisis de precios unitarios de ítems no previstos, el Interventor aprueba el desglose y precio unitario de cada ítem no previsto, exigiendo la aplicación de los costos correspondientes a insumos y tarifas de la propuesta económica inicial cuando estén contemplados, cumpliendo con las especificaciones de construcción vigente para el proyecto.
H86: Firma
H87: Nombre:
H88: Representante Legal del Interventor o su Apoderado
H89: Matricula No. :

Sheet PROTOCOLO DE BIOSEGURIDAD
B2: PB-0000003 PROTOCOLO DE BIOSEGURIDAD COVID 19 | H2: EJEMPLOS
B3: DESCRIPCION | C3: UNIDAD | D3: CANTIDAD | E3: VALOR UNITARIO | F3: VALOR TOTAL | N3: AIU | O3: =+AIU!J52 -> 0.3656
B4: TAPABOCAS DESECHABLES | C4: UN | D4: 2 | E4: 400 | F4: =+ROUND(D4*E4,0) -> 800
B5: JABON LIQUIDO | C5: LT | D5: 0.03 | E5: =7000 -> 7000 | F5: =+ROUND(D5*E5,0) -> 210
B6: TOALLAS DE PAPEL | C6: UN | D6: 6 | E6: =50 -> 50 | F6: =+ROUND(D6*E6,0) -> 300
B7: GEL ANTIBACTERIAL (Con alcohol mayor al 70%) | C7: LT | D7: 0.01 | E7: =+((23800+15900)/2) -> 19850 | F7: =+ROUND(D7*E7,0) -> 199
H8: =SUM(F4:F7) -> 1509 | I8: 24 | J8: =+I8*H8 -> 36216 | K8: 25 | L8: =+K8*J8*K10 -> 2716200
K10: 3
B11: ALQUILER LAVAMANOS CON ACCESORIOS, GRIFERIA Y MANO DE OBRA DE INSTALACION | C11: MES | D11: 3 | E11: 150000 | F11: =+D11*E11 -> 450000 | J11: =+F11 -> 450000 | K11: 1 | L11: =+K11*J11 -> 450000
B12: CANECAS DE PEDAL PARA RESIDUOS ORDINARIOS O BIOLOGICOS | C12: UN | D12: 1 | E12: 94026 | F12: =+D12*E12 -> 94026 | J12: =+F12 -> 94026 | K12: 1 | L12: =+K12*J12 -> 94026
B13: BOLSAS ROJAS | C13: UN | D13: 30 | E13: 530 | F13: =+D13*E13 -> 15900 | J13: =+F13 -> 15900 | K13: =+K10 -> 3 | L13: =+K13*J13 -> 47700
B15: NOTAS: | L15: =SUM(L11:L14) -> 591726 | M15: =L15+L8 -> 3307926
B16: PARA EL CASO DE OBRAS CONCENTRADAS SE DISPONDRA DE UN ESPACIO, ZONA O AREA PARA AISLAMIENTO
B17: LOS PAGOS CORRESPONDIENTES AL PROTOCOLO DE BIOSEGURIDAD DEBEN SER SUSTENTADOS MEDIANTE FACTURAS, EN LAS QUE SE EVIDENCIEN LOS INSUMOS REALMENTE UTILIZADOS EN LA EJECUCIÓN DE LAS OBRAS | J17: AIU | K17: =+AIU!J52 -> 0.3656 | L17: CON AIU | M17: =ROUND(M15*(1+K17),0) -> 4517304
J18: AIU | K18: =O3 -> 0.3656 | L18: CON AIU | M18: =ROUND(M15*(1+O3),0) -> 4517304
